[Event "FIDE WYCC Open U14 2023"]
[Site "Montesilvano"]
[Date "2023.11.20"]
[Round "7.13"]
[White "Fan, Jingyi"]
[Black "Balint, Peter"]
[Result "*"]
[ECO "A46"]
[WhiteElo "2035"]
[BlackElo "2256"]
[Annotator "RC"]
[PlyCount "67"]
[EventDate "2023.11.13"]
[EventType "swiss"]
[EventCountry "ITA"]
[SourceTitle "playchess.com"]
[Source "ChessBase"]
[SourceQuality "1"]
[TimeControl "40/5400+30:1800+30"]

1. d4 Nf6 2. Nf3 e6 3. Bf4 Be7 4. h3 b6 5. e3 Bb7 6. Bd3 d6 7. O-O Nbd7 8. Nbd2 O-O 9. Re1 Re8 10. e4 h6 11. Bh2 Bf8 12. e5 dxe5 13. dxe5 Nd5 14. c4 Ne7 15. Qe2 Nf5 16. Rad1 Qc8 17. Bb1 Bc6 18. Nb3 Bb4 19. Nfd4 Nxd4 20. Nxd4 Ba4 21. Rf1 Bxd1 22. Rxd1 Bc5 23. Nc6 Nb8 24. Be4 Rf8 25. Bf4 Nxc6 26. Bxc6 Rb8 27. Rd3 Be7 28. Bxh6 g6 29. Rd7 Kh7 30. Qe3 Qe8 31. Rxc7 Qd8 32. Rd7 Qe8 33. Bxf8 Qxf8 34. Rxa7 *

[Event "FIDE WYCC Open U14 2023"]
[Site "Montesilvano"]
[Date "2023.11.20"]
[Round "7.14"]
[White "Juhanak, Daniel"]
[Black "Akhmedov, David"]
[Result "*"]
[ECO "B34"]
[WhiteElo "1984"]
[BlackElo "2240"]
[Annotator "RC"]
[PlyCount "69"]
[EventDate "2023.11.13"]
[EventType "swiss"]
[EventCountry "ITA"]
[SourceTitle "playchess.com"]
[Source "ChessBase"]
[SourceQuality "1"]
[TimeControl "40/5400+30:1800+30"]

1. e4 c5 2. Nf3 Nc6 3. d4 cxd4 4. Nxd4 Nf6 5. Nc3 e5 6. Nf5 d5 7. exd5 Bxf5 8. dxc6 Qxd1+ 9. Nxd1 bxc6 10. Ne3 Be6 11. Nc4 Nd7 12. Be3 f6 13. O-O-O Bc5 14. Bxc5 Nxc5 15. Nd6+ Ke7 16. Bc4 Rhd8 17. Bxe6 Rxd6 18. Rxd6 Kxd6 19. Bc4 a5 20. Rd1+ Ke7 21. c3 h5 22. Kc2 g5 23. Bd3 Ke6 24. Bc4+ Ke7 25. Bd3 Nb7 26. Be4 Rc8 27. Bf5 Rc7 28. h4 Nd6 29. Bg6 gxh4 30. Bxh5 Ke6 31. g3 hxg3 32. fxg3 f5 33. g4 f4 34. b3 e4 35. c4 *

[Event "FIDE WYCC Open U14 2023"]
[Site "Montesilvano"]
[Date "2023.11.20"]
[Round "7.15"]
[White "Dumanuly, Sultanbeibarys"]
[Black "Nurgaliyev, Sauat"]
[Result "*"]
[ECO "B53"]
[WhiteElo "1931"]
[BlackElo "2235"]
[Annotator "RC"]
[PlyCount "63"]
[EventDate "2023.11.13"]
[EventType "swiss"]
[EventCountry "ITA"]
[SourceTitle "playchess.com"]
[Source "ChessBase"]
[SourceQuality "1"]
[TimeControl "40/5400+30:1800+30"]

1. e4 c5 2. Nf3 d6 3. d4 cxd4 4. Qxd4 Nf6 5. Nc3 Nc6 6. Qd3 g6 7. Be2 Bg7 8. O-O O-O 9. Nd5 Nxd5 10. exd5 Nb4 11. Qd1 Bf5 12. c3 Na6 13. a4 Nc5 14. a5 Qc8 15. Be3 Ne4 16. Ra4 Nf6 17. Bd4 Qc7 18. Qb3 Bd7 19. Rb4 Qxa5 20. Rxb7 Bc8 21. Rb5 Qc7 22. Ra1 Ne4 23. Bb6 Qd7 24. Rba5 Qb7 25. Rxa7 Nc5 26. Qa2 Rxa7 27. Qxa7 Qxd5 28. Bxc5 dxc5 29. Ra5 Qe4 30. Bf1 Qb1 31. Qxe7 Qxb2 32. Qxc5 *

[Event "FIDE WYCC Open U14 2023"]
[Site "Montesilvano"]
[Date "2023.11.20"]
[Round "7.16"]
[White "Zhang, Brian"]
[Black "Brattgjerd, Isak Vinh"]
[Result "0-1"]
[ECO "B13"]
[WhiteElo "1867"]
[BlackElo "2235"]
[Annotator "RC"]
[PlyCount "156"]
[EventDate "2023.11.13"]
[EventType "swiss"]
[EventCountry "ITA"]
[SourceTitle "playchess.com"]
[Source "ChessBase"]
[SourceQuality "1"]
[TimeControl "40/5400+30:1800+30"]

1. e4 c6 2. d4 d5 3. exd5 cxd5 4. Bd3 Nc6 5. c3 Nf6 6. Bf4 Bg4 7. Qb3 e5 8. dxe5 Nh5 9. Be3 Nxe5 10. Bb5+ Nc6 11. Be2 Bxe2 12. Nxe2 Qd7 13. Nd2 Be7 14. Nf3 O-O 15. O-O Rad8 16. Rad1 Na5 17. Qc2 Nc4 18. Bg5 Bxg5 19. Nxg5 Nf6 20. Nf3 Rfe8 21. Rfe1 Nd6 22. Nf4 Rxe1+ 23. Rxe1 Nde4 24. Nd4 Qd6 25. g3 g6 26. f3 Nc5 27. Kg2 a6 28. Qd2 Ncd7 29. Nd3 Qc7 30. Qg5 Kf8 31. Nf4 Qb6 32. Re2 Re8 33. Rxe8+ Kxe8 34. Nd3 Qa5 35. Qd2 Qxa2 36. Nb4 Qc4 37. Ne2 a5 38. Nc2 Kf8 39. Nf4 Qc5 40. Ne3 Nb6 41. b3 Kg7 42. g4 h6 43. h4 a4 44. bxa4 Nc4 45. Nxc4 dxc4 46. Qf2 Qe5 47. Qd4 Qxd4 48. cxd4 g5 49. hxg5 hxg5 50. Ne2 Nd5 51. Kf2 Kf6 52. Ke1 Ke6 53. Kd2 Kd6 54. Ng3 Nf4 55. Ne4+ Kd5 56. Nxg5 f6 57. Ne4 Kxd4 58. Nc3 Nd3 59. Ne2+ Kc5 60. Kc3 Nf2 61. Ng3 Nd1+ 62. Kd2 Nb2 63. Ne4+ Kb4 64. Nxf6 Kb3 65. Nd5 Nxa4 66. g5 c3+ 67. Kc1 Nc5 68. Ne3 Nd3+ 69. Kd1 Nf4 70. Nc2 Kb2 71. Nd4 Ne6 72. Nc2 Nxg5 73. f4 Ne4 74. f5 b5 75. Nb4 Kb3 76. Nc2 b4 77. Nd4+ Kb2 78. f6 Nxf6 0-1

[Event "FIDE WYCC Open U14 2023"]
[Site "Montesilvano"]
[Date "2023.11.20"]
[Round "7.17"]
[White "Gkavardinas, Antonios"]
[Black "Lin, Leo"]
[Result "1-0"]
[ECO "B67"]
[WhiteElo "2230"]
[BlackElo "2097"]
[Annotator "RC"]
[PlyCount "73"]
[EventDate "2023.11.13"]
[EventType "swiss"]
[EventCountry "ITA"]
[SourceTitle "playchess.com"]
[Source "ChessBase"]
[SourceQuality "1"]
[TimeControl "40/5400+30:1800+30"]

1. e4 c5 2. Nf3 d6 3. d4 cxd4 4. Nxd4 Nf6 5. Nc3 Nc6 6. Bg5 e6 7. Qd2 a6 8. O-O-O Bd7 9. f4 b5 10. Bxf6 gxf6 11. f5 Nxd4 12. Qxd4 Bh6+ 13. Kb1 Bf4 14. Ne2 Be5 15. Qe3 Qc7 16. Nf4 Rc8 17. Rd2 b4 18. Nd3 Ba4 19. Nxe5 Bxc2+ 20. Ka1 fxe5 21. Bxa6 Qc5 22. Rxc2 Qxc2 23. Bxc8 Qxc8 24. Rc1 Qd7 25. f6 Qb7 26. Qb3 Rg8 27. Qa4+ Kd8 28. Rc6 Qb8 29. Qa5+ Kd7 30. Rb6 Qa8 31. Qb5+ Kc7 32. Ra6 Qb7 33. Qa5+ Kb8 34. Rb6 Rxg2 35. Rxb7+ Kxb7 36. Qxb4+ Kc7 37. a4 1-0

[Event "FIDE WYCC Open U14 2023"]
[Site "Montesilvano"]
[Date "2023.11.20"]
[Round "7.18"]
[White "Katsanis, Vasileios Dim"]
[Black "Asikainen, Eeli"]
[Result "1/2-1/2"]
[ECO "E91"]
[WhiteElo "2173"]
[BlackElo "2081"]
[Annotator "RC"]
[PlyCount "103"]
[EventDate "2023.11.13"]
[EventType "swiss"]
[EventCountry "ITA"]
[SourceTitle "playchess.com"]
[Source "ChessBase"]
[SourceQuality "1"]
[TimeControl "40/5400+30:1800+30"]

1. d4 Nf6 2. c4 g6 3. Nc3 Bg7 4. e4 d6 5. Nf3 O-O 6. Be2 Nbd7 7. Be3 e5 8. d5 Ng4 9. Bg5 f6 10. Bh4 Nh6 11. Nd2 g5 12. Bg3 f5 13. f3 Nf6 14. Bf2 g4 15. exf5 Bxf5 16. Nde4 gxf3 17. Bxf3 Nxe4 18. Bxe4 Qg5 19. O-O Ng4 20. Qd3 Bh6 21. Rae1 Bxe4 22. Nxe4 Qg6 23. h3 Nxf2 24. Rxf2 Rxf2 25. Nxf2 Qxd3 26. Nxd3 Rf8 27. Re4 Rf5 28. b4 Kf7 29. a4 Ke7 30. Re2 Bg5 31. a5 h6 32. b5 Bf4 33. g4 Rf8 34. Kg2 Kd7 35. Nb4 Bc1 36. Rf2 Rxf2+ 37. Kxf2 Bd2 38. a6 bxa6 39. Nxa6 Kc8 40. Kf3 Be1 41. Ke4 Kb7 42. Kf5 Bh4 43. Ke4 Be1 44. Kd3 Kc8 45. c5 Kb7 46. Kc4 Bf2 47. cxd6 cxd6 48. Nb4 Kb6 49. Na2 e4 50. Nc3 e3 51. Ne2 Bh4 52. Nd4 1/2-1/2

[Event "FIDE WYCC Open U14 2023"]
[Site "Montesilvano"]
[Date "2023.11.20"]
[Round "7.19"]
[White "Sodbilegt, Naranbold"]
[Black "Morkunas, Gustas"]
[Result "1/2-1/2"]
[ECO "C44"]
[WhiteElo "2151"]
[BlackElo "2052"]
[Annotator "RC"]
[PlyCount "65"]
[EventDate "2023.11.13"]
[EventType "swiss"]
[EventCountry "ITA"]
[SourceTitle "playchess.com"]
[Source "ChessBase"]
[SourceQuality "1"]
[TimeControl "40/5400+30:1800+30"]

1. e4 e5 2. Nf3 Nc6 3. d4 exd4 4. Nxd4 Nf6 5. Nxc6 bxc6 6. Nc3 Bb4 7. Bd3 d5 8. exd5 cxd5 9. O-O O-O 10. Bg5 c6 11. Na4 Be6 12. Rc1 h6 13. Bh4 Be7 14. c4 Nd7 15. Bxe7 Qxe7 16. cxd5 cxd5 17. f4 Nf6 18. Nc5 Rab8 19. Re1 Qd6 20. Qd2 Qb6 21. f5 Bd7 22. Rc2 Bb5 23. Bxb5 Qxb5 24. Qd3 Qb4 25. Ree2 Qb6 26. Qd4 Rfe8 27. h3 Qd6 28. Rcd2 Qg3 29. Qf2 Qd6 30. Qd4 Qg3 31. Qf2 Qd6 32. Qd4 Qg3 33. Qf2 1/2-1/2

[Event "FIDE WYCC Open U14 2023"]
[Site "Montesilvano"]
[Date "2023.11.20"]
[Round "7.20"]
[White "kiladze, Luka"]
[Black "Davudov, Tunar"]
[Result "0-1"]
[ECO "A33"]
[WhiteElo "2145"]
[BlackElo "2000"]
[Annotator "RC"]
[PlyCount "140"]
[EventDate "2023.11.13"]
[EventType "swiss"]
[EventCountry "ITA"]
[SourceTitle "playchess.com"]
[Source "ChessBase"]
[SourceQuality "1"]
[TimeControl "40/5400+30:1800+30"]

1. d4 Nf6 2. c4 c5 3. Nf3 e6 4. Nc3 cxd4 5. Nxd4 Nc6 6. Nc2 d5 7. cxd5 exd5 8. e3 Bc5 9. Be2 O-O 10. O-O a6 11. Bf3 Be6 12. b3 Ne5 13. Be2 Nc6 14. Bb2 Rc8 15. Rc1 Qe7 16. Na4 Bd6 17. Nd4 Ne5 18. Nf3 Ned7 19. Rxc8 Rxc8 20. Qd4 b5 21. Nc3 Ba3 22. Ba1 Bc5 23. Qd3 Bb4 24. Rd1 Nc5 25. Qd4 Nce4 26. Nxe4 dxe4 27. Ne5 Ba5 28. h3 Rc2 29. Bg4 h5 30. Bxe6 Qxe6 31. a4 Bb6 32. Qb4 Nd5 33. Qxe4 Rc5 34. a5 Bxa5 35. Qd4 Nc3 36. Bxc3 Rxc3 37. Ra1 Bc7 38. Nf3 Rc6 39. g3 Qxb3 40. Qa7 Qc3 41. Rxa6 Rxa6 42. Qxa6 Qc5 43. h4 Bd6 44. Qa8+ Bf8 45. Qb7 b4 46. Nd4 g6 47. Kg2 Qc4 48. Nf3 Kg7 49. e4 Bc5 50. Ne5 Qe6 51. Nd3 Bf8 52. e5 Kg8 53. Qb5 Qf5 54. Qd5 Qe6 55. Qb5 Qf5 56. Qd5 Qe6 57. Qb5 Kg7 58. Nf4 Qf5 59. Qd5 Be7 60. Ne2 Qe6 61. Qb5 Qc8 62. f4 Qc2 63. Kh3 b3 64. Nd4 Qe4 65. Kh2 Qxd4 66. Qxb3 Qf2+ 67. Kh3 Qf1+ 68. Kh2 Bc5 69. Qd5 Bg1+ 70. Kh1 Bf2+ 0-1

[Event "FIDE WYCC Open U14 2023"]
[Site "Montesilvano"]
[Date "2023.11.20"]
[Round "7.21"]
[White "Malinowsky, Levi"]
[Black "Radzimski, Antoni"]
[Result "0-1"]
[ECO "B10"]
[WhiteElo "2135"]
[BlackElo "1904"]
[Annotator "NA RC"]
[PlyCount "74"]
[EventDate "2023.11.13"]
[EventType "swiss"]
[EventCountry "ITA"]
[SourceTitle "playchess.com"]
[Source "ChessBase"]
[SourceQuality "1"]
[TimeControl "40/5400+30:1800+30"]

1. e4 c6 2. Nf3 d5 3. d3 Qc7 4. Qe2 Bg4 5. Nbd2 Nd7 6. h3 Bh5 7. g4 Bg6 8. Bg2 e5 9. O-O Bd6 10. d4 dxe4 11. Nh4 O-O-O 12. Nxg6 hxg6 13. dxe5 Bxe5 14. Nxe4 Ne7 15. Qf3 f6 16. Qa3 Nb6 17. Qxa7 Ned5 18. c3 f5 19. gxf5 gxf5 20. Nc5 Qe7 21. Nd3 Bb8 22. Qa5 Qd6 23. Rd1 Qh2+ 24. Kf1 f4 25. Ne1 Rxh3 26. Nf3 Rxf3 27. Bxf3 Qh3+ 28. Bg2 Qh5 29. Bxf4 Bxf4 30. Kg1 Bh2+ 31. Kh1 Bg3+ 32. Kg1 Qh2+ 33. Kf1 Ne3+ 34. fxe3 Rf8+ 35. Ke2 Qxg2+ 36. Kd3 Rd8+ 37. Qd5 Rxd5# 0-1

[Event "FIDE WYCC Open U14 2023"]
[Site "Montesilvano"]
[Date "2023.11.20"]
[Round "7.22"]
[White "Boci, Mateo"]
[Black "George Micheal, Kevin"]
[Result "1/2-1/2"]
[ECO "B53"]
[WhiteElo "1832"]
[BlackElo "2317"]
[Annotator "RC"]
[PlyCount "70"]
[EventDate "2023.11.13"]
[EventType "swiss"]
[EventCountry "ITA"]
[SourceTitle "playchess.com"]
[Source "ChessBase"]
[SourceQuality "1"]
[TimeControl "40/5400+30:1800+30"]

1. e4 c5 2. Nf3 d6 3. d4 cxd4 4. Qxd4 Nc6 5. Bb5 Bd7 6. Qd3 Nf6 7. c4 g6 8. O-O Bg7 9. Nc3 O-O 10. Rd1 Rc8 11. h3 a6 12. Bxc6 Bxc6 13. Be3 Nd7 14. Nd4 Ne5 15. Qe2 Bd7 16. b3 b5 17. f4 Nc6 18. Rac1 bxc4 19. bxc4 Nxd4 20. Bxd4 Be6 21. Nd5 Bxd5 22. exd5 Bxd4+ 23. Rxd4 Qb6 24. Rcd1 Rc7 25. Kh1 Rb8 26. Re4 Qb2 27. Rd2 Qf6 28. Kh2 Rb1 29. Rd1 Rb2 30. Rd2 Rcb7 31. Qe1 Qf5 32. Rxb2 Rxb2 33. Qe3 Rxa2 34. Rxe7 Qc2 35. Qf3 Qf5 1/2-1/2

[Event "FIDE WYCC Open U14 2023"]
[Site "Montesilvano"]
[Date "2023.11.20"]
[Round "7.23"]
[White "Ji, Jiahao Eric"]
[Black "Uskov, Artem"]
[Result "0-1"]
[ECO "B54"]
[WhiteElo "2045"]
[BlackElo "2380"]
[Annotator "RC"]
[PlyCount "74"]
[EventDate "2023.11.13"]
[EventType "swiss"]
[EventCountry "ITA"]
[SourceTitle "playchess.com"]
[Source "ChessBase"]
[SourceQuality "1"]
[TimeControl "40/5400+30:1800+30"]

1. e4 c5 2. Nf3 d6 3. d4 cxd4 4. Nxd4 Nf6 5. f3 e5 6. Nb3 a5 7. Bb5+ Nc6 8. Nc3 Be6 9. Be3 Nd7 10. Qe2 Be7 11. O-O O-O 12. Rfd1 Qc8 13. Nd2 Nd4 14. Bxd4 exd4 15. Nd5 Bxd5 16. exd5 Bf6 17. Ne4 Be5 18. f4 Bxf4 19. Qg4 Be3+ 20. Kh1 Ne5 21. Qe2 Qd8 22. c3 Qh4 23. Rxd4 Bxd4 24. cxd4 Ng4 25. g3 Qh5 26. Bd7 Qxd5 27. Bxg4 f5 28. Bf3 fxe4 29. Qxe4 Qxe4 30. Bxe4 Rf2 31. Bxb7 Raf8 32. Kg1 Rxb2 33. Bd5+ Kh8 34. Rc1 Rd2 35. Rc6 Rxd4 36. Rxd6 Rd2 37. Rd7 Rb8 0-1

[Event "FIDE WYCC Open U14 2023"]
[Site "Montesilvano"]
[Date "2023.11.20"]
[Round "7.24"]
[White "Lissillour, Baptiste"]
[Black "Kazantzoglou, Stefanos"]
[Result "1-0"]
[ECO "C78"]
[WhiteElo "2298"]
[BlackElo "2031"]
[Annotator "RC"]
[PlyCount "113"]
[EventDate "2023.11.13"]
[EventType "swiss"]
[EventCountry "ITA"]
[SourceTitle "playchess.com"]
[Source "ChessBase"]
[SourceQuality "1"]
[TimeControl "40/5400+30:1800+30"]

1. e4 e5 2. Nf3 Nc6 3. Bb5 a6 4. Ba4 Nf6 5. O-O b5 6. Bb3 Bc5 7. a4 Rb8 8. c3 d6 9. d4 Bb6 10. a5 Ba7 11. h3 Bb7 12. Re1 O-O 13. Be3 exd4 14. cxd4 Ne7 15. Nc3 b4 16. e5 Bxf3 17. gxf3 bxc3 18. exf6 Ng6 19. fxg7 Re8 20. bxc3 Qh4 21. Kg2 Qh5 22. f4 Nh4+ 23. Kg3 Nf5+ 24. Kh2 Qh4 25. Ra2 c6 26. Bc4 d5 27. Bxa6 Rxe3 28. fxe3 Qg3+ 29. Kh1 Re8 30. Rh2 Bb8 31. Rg1 Qxe3 32. Qe2 Bxf4 33. Qxe3 Rxe3 34. Rf2 Rxh3+ 35. Kg2 Rh2+ 36. Kf1 Rxf2+ 37. Kxf2 Be3+ 38. Kf1 Bxg1 39. Kxg1 Nd6 40. Bb7 Kxg7 41. a6 Nb5 42. Bxc6 Na7 43. Bxd5 Kf6 44. Kf2 Ke7 45. Ke3 f6 46. Kf4 Kd6 47. Bb7 Kc7 48. c4 Kd7 49. Kf5 Ke7 50. Bf3 Nc8 51. c5 Na7 52. d5 h6 53. d6+ Kd7 54. Kxf6 h5 55. Kg5 Kc8 56. Kxh5 Kb8 57. c6 1-0

[Event "FIDE WYCC Open U14 2023"]
[Site "Montesilvano"]
[Date "2023.11.20"]
[Round "7.25"]
[White "Sommer, Justus"]
[Black "Zienkiewicz, Jan"]
[Result "*"]
[ECO "C88"]
[WhiteElo "2013"]
[BlackElo "2296"]
[Annotator "RC"]
[PlyCount "66"]
[EventDate "2023.11.13"]
[EventType "swiss"]
[EventCountry "ITA"]
[SourceTitle "playchess.com"]
[Source "ChessBase"]
[SourceQuality "1"]
[TimeControl "40/5400+30:1800+30"]

1. e4 e5 2. Nf3 Nc6 3. Bb5 a6 4. Ba4 Nf6 5. O-O Be7 6. Re1 b5 7. Bb3 O-O 8. d4 Nxd4 9. Nxd4 exd4 10. e5 Ne8 11. Qf3 Rb8 12. c3 c5 13. cxd4 c4 14. Bc2 d5 15. Nc3 Nc7 16. Bf4 b4 17. Ne2 Be6 18. Ng3 Qd7 19. Qh5 g6 20. Qh6 Rb6 21. Nh5 Ne8 22. Bg5 Bg4 23. Bxe7 Qxe7 24. Nf4 Be6 25. Re3 Ng7 26. g4 f5 27. Rh3 Kf7 28. gxf5 gxf5 29. Rg3 Rg8 30. Kh1 Ne8 31. Qxh7+ Kf8 32. Ng6+ Rxg6 33. Qxg6 Qf7 *

[Event "FIDE WYCC Open U14 2023"]
[Site "Montesilvano"]
[Date "2023.11.20"]
[Round "7.26"]
[White "Georgiadis, Anastasios"]
[Black "Averin, Nikolay"]
[Result "1-0"]
[ECO "D35"]
[WhiteElo "2001"]
[BlackElo "2270"]
[Annotator "RC"]
[PlyCount "53"]
[EventDate "2023.11.13"]
[EventType "swiss"]
[EventCountry "ITA"]
[SourceTitle "playchess.com"]
[Source "ChessBase"]
[SourceQuality "1"]
[TimeControl "40/5400+30:1800+30"]

1. d4 d5 2. c4 e6 3. Nc3 Nf6 4. cxd5 exd5 5. Bg5 c6 6. e3 Bd6 7. Bd3 Nbd7 8. Qc2 Nf8 9. O-O-O Ng6 10. Nge2 Be6 11. f3 Be7 12. Ng3 Nd7 13. Bxe7 Nxe7 14. Nh5 Kf8 15. Nf4 g6 16. Nxe6+ fxe6 17. h4 Qe8 18. h5 Kg7 19. Rh3 gxh5 20. Rdh1 Nf8 21. Rxh5 Nfg6 22. g4 Qf7 23. f4 Ng8 24. Bxg6 Qxg6 25. Rg5 Ne7 26. Rxg6+ hxg6 27. Rxh8 1-0

[Event "FIDE WYCC Open U14 2023"]
[Site "Montesilvano"]
[Date "2023.11.20"]
[Round "7.27"]
[White "Dhruva Thota"]
[Black "Demirtas, Alper"]
[Result "1-0"]
[ECO "C02"]
[WhiteElo "2192"]
[BlackElo "2034"]
[Annotator "RC"]
[PlyCount "147"]
[EventDate "2023.11.13"]
[EventType "swiss"]
[EventCountry "ITA"]
[SourceTitle "playchess.com"]
[Source "ChessBase"]
[SourceQuality "1"]
[TimeControl "40/5400+30:1800+30"]

1. e4 e6 2. d4 d5 3. e5 c5 4. c3 Nc6 5. Nf3 Qb6 6. a3 c4 7. Nbd2 Na5 8. Rb1 Bd7 9. h4 Ne7 10. h5 h6 11. Be2 Qc7 12. Nf1 Nc8 13. Bf4 Nb6 14. Qd2 O-O-O 15. Bg3 Ba4 16. Bh4 Re8 17. Bd1 Qd7 18. Ne3 Kb8 19. O-O Rc8 20. Ne1 Be7 21. Bg3 Bxd1 22. Rxd1 Nb3 23. Qe2 Ka8 24. f4 g6 25. hxg6 fxg6 26. Nf3 Rcf8 27. Rde1 Bd8 28. Ng4 Qg7 29. Qe3 Nc8 30. Bh4 Bxh4 31. Nxh4 Ne7 32. Nf6 Ng8 33. Ng4 Ne7 34. Rf3 g5 35. fxg5 hxg5 36. Rxf8+ Rxf8 37. Nf3 Rf4 38. Nf6 Rf5 39. Rf1 g4 40. Nh4 Rxf1+ 41. Kxf1 g3 42. Qf4 a6 43. Ke2 Na1 44. Kf3 Nc2 45. Ke2 Na1 46. Kf3 Nc2 47. Qxg3 Qh6 48. Qf2 Qc1 49. Kg4 Qxb2 50. Qd2 Qb3 51. Kh5 Nxa3 52. g4 Nb1 53. Qh6 Ka7 54. Qf8 Nc6 55. g5 Qd1+ 56. Ng4 Nxc3 57. Qc5+ Ka8 58. g6 Ne4 59. Qf8+ Ka7 60. g7 c3 61. g8=Q c2 62. Qa8+ Kb6 63. Qg7 Ng3+ 64. Kh6 c1=Q+ 65. Kh7 Qb1+ 66. Ng6 Ka5 67. Nf6 Qh1+ 68. Kg8 Nf5 69. Qc7+ Qb6 70. Qaxb7 Qhb1 71. Qbxc6 Nxd4 72. Qc5+ Ka4 73. Q5xb6 Qxg6+ 74. Qg7 1-0

[Event "FIDE WYCC Open U14 2023"]
[Site "Montesilvano"]
[Date "2023.11.20"]
[Round "7.28"]
[White "Farias, David Nuno M E"]
[Black "Pleschke, Julius Jonas"]
[Result "1/2-1/2"]
[ECO "B47"]
[WhiteElo "2149"]
[BlackElo "2024"]
[Annotator "RC"]
[PlyCount "129"]
[EventDate "2023.11.13"]
[EventType "swiss"]
[EventCountry "ITA"]
[SourceTitle "playchess.com"]
[Source "ChessBase"]
[SourceQuality "1"]
[TimeControl "40/5400+30:1800+30"]

1. e4 c5 2. Nf3 e6 3. d4 cxd4 4. Nxd4 Nc6 5. Nc3 Qc7 6. g3 a6 7. Bg2 Nf6 8. O-O Nxd4 9. Qxd4 Bc5 10. Qd1 h6 11. e5 Qxe5 12. Bf4 Qf5 13. Re1 Be7 14. Na4 Qa5 15. c4 d6 16. b4 Qd8 17. c5 d5 18. Nb6 Bd7 19. Nxa8 Qxa8 20. Qd4 O-O 21. Be5 Qd8 22. Bf1 Bc6 23. Bd3 Ne8 24. Bc2 Bb5 25. a4 Bc4 26. Qg4 Nf6 27. Qf3 a5 28. Bc3 axb4 29. Bxb4 Qc7 30. Bd3 Bxc5 31. Bxc5 Qxc5 32. Rec1 b5 33. axb5 Qxb5 34. Rab1 Qa6 35. Bxc4 dxc4 36. Qf4 Rc8 37. Rb8 c3 38. Qc7 Rxb8 39. Qxb8+ Kh7 40. Qb1+ g6 41. Rxc3 Nd5 42. Rb3 Qc4 43. Qb2 Qe4 44. Rb8 Qe1+ 45. Kg2 Qc3 46. Qe2 Kg7 47. h3 h5 48. Qb5 Ne7 49. Kg1 Qa1+ 50. Kh2 Qd4 51. Kg2 Qd5+ 52. Qxd5 Nxd5 53. Kf3 Kf6 54. Ke4 Nc3+ 55. Kd4 Nd5 56. Rb7 Ne7 57. Ke4 Nf5 58. Rd7 Ne7 59. f4 Nd5 60. Ra7 Nc3+ 61. Kd3 Nd5 62. Rb7 h4 63. gxh4 Nxf4+ 64. Ke4 Nh5 65. Kf3 1/2-1/2

[Event "FIDE WYCC Open U14 2023"]
[Site "Montesilvano"]
[Date "2023.11.20"]
[Round "7.29"]
[White "Schuricht, Emil Frederick"]
[Black "Hobson, Kenneth"]
[Result "1/2-1/2"]
[ECO "E33"]
[WhiteElo "1998"]
[BlackElo "2142"]
[Annotator "RC"]
[PlyCount "169"]
[EventDate "2023.11.13"]
[EventType "swiss"]
[EventCountry "ITA"]
[SourceTitle "playchess.com"]
[Source "ChessBase"]
[SourceQuality "1"]
[TimeControl "40/5400+30:1800+30"]

1. d4 Nf6 2. c4 e6 3. Nc3 Bb4 4. Qc2 Nc6 5. Nf3 d6 6. Bd2 Qe7 7. a3 Bxc3 8. Bxc3 a5 9. e3 e5 10. dxe5 dxe5 11. Be2 O-O 12. O-O a4 13. Rfd1 Re8 14. h3 h6 15. Nd2 Be6 16. Ne4 Nxe4 17. Qxe4 f5 18. Qc2 Qf7 19. Rd2 e4 20. b3 b6 21. bxa4 Na5 22. Bb4 c5 23. Bxa5 Rxa5 24. Rb1 Qc7 25. Qd1 Bf7 26. Rd6 Rxa4 27. Rd7 Qc6 28. Rxb6 Qxb6 29. Qxa4 Qb1+ 30. Bf1 Qa1 31. Qb3 Be6 32. Rd1 Qe5 33. Rb1 Ra8 34. a4 Qc7 35. Be2 Bd7 36. Ra1 Bc6 37. Bd1 Qa5 38. Bc2 Kh7 39. Qb2 Qc7 40. Qc3 Ra5 41. Ra2 Bd7 42. Qd2 Be6 43. Bb3 Qb6 44. Qc3 Qb4 45. Qxb4 cxb4 46. Rd2 Rc5 47. Rd4 Kg6 48. Kf1 Kf6 49. Ke2 Ke5 50. Kd2 g5 51. Kc2 f4 52. Ba2 h5 53. Kb3 f3 54. gxf3 exf3 55. Kxb4 Rc8 56. a5 Rb8+ 57. Kc3 Bxh3 58. Rd5+ Kf6 59. Rb5 Ra8 60. c5 g4 61. Bd5 Ra7 62. Bc4 h4 63. Rb6+ Kg5 64. Rb8 Rxa5 65. Rg8+ Kf6 66. Kb4 Ra1 67. c6 g3 68. fxg3 f2 69. c7 Ra7 70. gxh4 Rb7+ 71. Ka5 Rxc7 72. Bd3 Rc3 73. Be2 Ke7 74. Rg7+ Kd6 75. Rf7 f1=Q 76. Bxf1 Bxf1 77. Rxf1 Rxe3 78. Rf8 Re5+ 79. Kb4 Re4+ 80. Kc3 Rxh4 81. Kd3 Ke7 82. Rf3 Rh6 83. Re3+ Re6 84. Rxe6+ Kxe6 85. Ke4 1/2-1/2

[Event "FIDE WYCC Open U14 2023"]
[Site "Montesilvano"]
[Date "2023.11.20"]
[Round "7.30"]
[White "Sheahan, Gavin"]
[Black "Tregubenko, Nikolay"]
[Result "1-0"]
[ECO "E94"]
[WhiteElo "1807"]
[BlackElo "2138"]
[Annotator "NA RC"]
[PlyCount "141"]
[EventDate "2023.11.13"]
[EventType "swiss"]
[EventCountry "ITA"]
[SourceTitle "playchess.com"]
[Source "ChessBase"]
[SourceQuality "1"]
[TimeControl "40/5400+30:1800+30"]

1. d4 Nf6 2. c4 g6 3. Nc3 Bg7 4. e4 d6 5. Be2 O-O 6. Nf3 e5 7. O-O Bg4 8. Be3 Bxf3 9. Bxf3 exd4 10. Bxd4 Nc6 11. Be3 Nd7 12. Be2 Nc5 13. f3 Ne6 14. Re1 Bd4 15. Bf1 Bxe3+ 16. Rxe3 Qg5 17. Qd2 Ncd4 18. Rd1 c5 19. Kh1 Nc2 20. f4 Qxf4 21. Nd5 Nxe3 22. Nxf4 Nxd1 23. Nxe6 Nf2+ 24. Qxf2 fxe6 25. Qe1 Rf4 26. g3 Rf6 27. Bh3 e5 28. Qd2 Kg7 29. Qd5 Rb8 30. Be6 Kh8 31. h4 Re8 32. Bh3 Re7 33. g4 g5 34. hxg5 Rg6 35. Qd2 Rf7 36. Qd5 Kg7 37. Kg2 Rxg5 38. Qxd6 h5 39. Qd8 Kg6 40. Kg3 hxg4 41. Bg2 b6 42. a4 Rf6 43. Qe8+ Rf7 44. Qe6+ Kg7 45. Kh4 Rg6 46. Qxe5+ Kh7 47. Kg3 Rd7 48. Bf1 Rd1 49. Be2 Re1 50. Kf2 Rh1 51. Kg2 Re1 52. Qh2+ Kg7 53. Qe5+ Kh7 54. Qe7+ Kg8 55. Kf2 Rh1 56. Bxg4 Rh2+ 57. Kf3 Kh8 58. Qe5+ Kg8 59. Qxh2 Rf6+ 60. Bf5 Kf7 61. Qh7+ Kf8 62. e5 Rf7 63. Qh8+ Ke7 64. Ke4 a5 65. e6 b5 66. exf7 Kxf7 67. Ke5 b4 68. Be6+ Kg6 69. Qf6+ Kh5 70. Kf5 b3 71. Qg5# 1-0

[Event "FIDE WYCC Open U14 2023"]
[Site "Montesilvano"]
[Date "2023.11.20"]
[Round "7.31"]
[White "Yang, Sylvia Siyuan"]
[Black "Vingris, Mikelis"]
[Result "1-0"]
[ECO "A04"]
[WhiteElo "1973"]
[BlackElo "2127"]
[Annotator "NA RC"]
[PlyCount "119"]
[EventDate "2023.11.13"]
[EventType "swiss"]
[EventCountry "ITA"]
[SourceTitle "playchess.com"]
[Source "ChessBase"]
[SourceQuality "1"]
[TimeControl "40/5400+30:1800+30"]

1. Nf3 c5 2. g3 Nc6 3. Bg2 e5 4. d3 g6 5. O-O Bg7 6. c4 Nge7 7. Nc3 O-O 8. a3 d6 9. Rb1 a5 10. Ne1 Be6 11. Nc2 Rb8 12. Ne3 Qd7 13. Ned5 f5 14. Bg5 h6 15. Bxe7 Nxe7 16. b4 axb4 17. Nxe7+ Qxe7 18. Nd5 Qf7 19. axb4 b5 20. Qd2 Kh7 21. bxc5 dxc5 22. Qa5 bxc4 23. dxc4 e4 24. Rxb8 Rxb8 25. Qxc5 Rc8 26. Qb5 Bd4 27. e3 Bc5 28. Rd1 Bf8 29. Bf1 Rc5 30. Qb8 Rc8 31. Qb6 Bc5 32. Qa6 Rd8 33. Qa5 Rc8 34. Qc3 Qg7 35. Nf6+ Kh8 36. Qe5 Bf7 37. Rd7 Bf8 38. Qd4 Rc6 39. Nd5 Bc5 40. Qd1 Rd6 41. Rc7 Bb6 42. Rb7 Bd8 43. Qa4 Qf8 44. Nf4 Rb6 45. Rd7 g5 46. c5 Rf6 47. Qd4 Be7 48. Qe5 Bd8 49. c6 Kg8 50. Rxd8 Qxd8 51. c7 Qd7 52. Qxf6 Qxc7 53. Ne6 Bxe6 54. Qxe6+ Kg7 55. Qxf5 Qc2 56. h3 Qb1 57. Qb5 Qc2 58. Bg2 Qd1+ 59. Kh2 Qd2 60. Qe5+ 1-0